 Seeded DCSS version 0.28.0-47-ge53b351184 (webtiles) character file.

Game seed: 523019199727972820 (custom seed)

135 thiscave3701365 the Skirmisher (level 4, -6/41 HPs)
             Began as a Minotaur Berserker on May 9, 2022.
             Was a Believer of Trog.
             Mangled by a phantom (8 damage)
             ... on level 4 of the Dungeon.
             The game lasted 00:03:57 (3951 turns).

thiscave3701365 the Skirmisher (Minotaur Berserker) Turns: 3951, Time: 00:03:58

Health: -6/41      AC:  2    Str: 23    XL:     4   Next: 97%
Magic:  3/3        EV: 12    Int:  4    God:    Trog [**....]
Gold:   130        SH:  0    Dex: 10    Spells: 3/3 levels left

rFire   . . .      SeeInvis .   a - +0 hand axe
rCold   . . .      Faith    .   (no shield)
rNeg    . . .      Spirit   .   b - +0 animal skin
rPois   .          Reflect  .   (helmet restricted)
rElec   .          Harm     .   (no cloak)
rCorr   .          Rampage  .   (no gloves)
Will    .....                   (no boots)
Stlth   +.........              (no amulet)
HPRegen 0.13/turn               (no ring)
MPRegen 0.08/turn               (no ring)

@: on berserk cooldown, slowed, very slow
A: horns 2, retaliatory headbutt
a: Renounce Religion, Berserk, Trog's Hand


You were on level 4 of the Dungeon.
You worshipped Trog.
Trog was pleased with you.
You visited 1 branch of the dungeon, and saw 4 of its levels.

You collected 130 gold pieces.

Inventory:

Hand Weapons
 a - a +0 hand axe (weapon)
Missiles
 l - 2 throwing nets
Armour
 b - a +0 animal skin (worn)
Jewellery
 h - an amulet of faith
 k - a ring of poison resistance
 r - an amulet of guardian spirit
Scrolls
 c - 2 scrolls of fog {unknown}
 e - 4 scrolls of teleportation {unknown}
 i - a scroll of fear {unknown}
 j - a scroll of identify {unknown}
 m - a scroll of amnesia {unknown}
 o - a scroll of blinking {unknown}
 p - 2 scrolls of vulnerability {unknown}
Potions
 d - a potion of curing {unknown}
 f - a potion of berserk rage {unknown}
 g - a potion of resistance {unknown}
 n - a potion of invisibility {unknown}
 q - a potion of might {unknown}


   Skills:
 + Level 4.6 Fighting
 + Level 4.6 Axes
 + Level 3.7 Armour
 + Level 3.4 Dodging


You had 3 spell levels left.
You didn't know any spells.
Your spell library was empty.

Dungeon Overview and Level Annotations

Branches:
Dungeon (4/15)
 Temple: D:4-7

Altars:
Ashenzari

Annotations:
D:3 3 runed translucent doors, qwertyui's ghost, amateur MiFi


Innate Abilities, Weirdness & Mutations

You have a pair of horns on your head.
You reflexively headbutt those who attack you in melee.


Message History

An adder skeleton comes into view.
The orc closely misses you.
The phantom hits you but does no damage.
The orc closely misses you.
Unknown command.
There are monsters nearby!
You barely miss the phantom. You headbutt the phantom!
The phantom is moderately damaged.
You hit the orc. The phantom barely misses you.
The orc hits you with a +0 whip. The phantom hits you.
The phantom blinks!
You blink.
Found 11 gold pieces.
Unknown command.
You're still recovering from your berserk rage.
You barely miss the phantom. Your headbutt misses the phantom.
The phantom is moderately damaged.
You barely miss the adder skeleton. The adder skeleton barely misses you.
You furiously retaliate!
You headbutt the adder skeleton.
The goblin unwields a +0 dagger.
The goblin wields a +0 hunting sling.
The goblin shoots a stone.
The stone hits you. The phantom hits you. The adder skeleton bites you.
The phantom hits you!
* * * LOW HITPOINT WARNING * * *
The phantom blinks!
You blink.
You are too injured to fight recklessly!
You are too injured to fight recklessly!
Unknown command.
You are too injured to fight recklessly!
You are too injured to fight recklessly!
Unknown command.
You closely miss the phantom. Your headbutt misses the phantom.
The phantom is moderately damaged.
The phantom hits you!
* * * LOW HITPOINT WARNING * * *
The phantom blinks!
You blink.
You hit the phantom but do no damage.
The phantom is moderately damaged.
You hit the adder skeleton. The phantom hits you.
* * * LOW HITPOINT WARNING * * *
A quokka comes into view.
The phantom hits you!
You die...

#.†.# #.###..#.#
#...# #...##'#
#####...####...#..#
...............#..#
.........#######..#
.........#....##)†#
#####...##.$..##..##
#...###..##8..8##.
#...# #.@go....r'.
#...# #.W#Z.##..#..#
....# #..#### ### .#
#.... # #....#
#+####


You could see a phantom, an orc, a quokka (wandering), a goblin and an adder
skeleton.

Vanquished Creatures
  A howler monkey (D:4)
  A gnoll (D:1)
  3 adders
  2 worms
  An orc (D:4)
  8 endoplasms
  3 giant cockroaches
  2 goblins
  5 hobgoblins
  2 quokkas (D:4)
  4 ball pythons
  6 bats
  A frilled lizard (D:1)
  7 kobolds
  8 rats
54 creatures vanquished.

Notes
Turn   | Place    | Note
-------+----------+-------------------------------------------
     0 | D:1      | thiscave3701365 the Minotaur Berserker began the quest for
                  | the Orb.
     0 | D:1      | Reached XP level 1. HP: 19/19 MP: 0/0
   374 | D:1      | Reached XP level 2. HP: 27/27 MP: 1/1
   794 | D:1      | Found a faded altar of an unknown god.
  1238 | D:2      | Reached XP level 3. HP: 30/33 MP: 2/2
  2042 | D:2      | Found a broken altar of Ashenzari.
  2755 | D:3      | Reached XP level 4. HP: 30/40 MP: 3/3
  2937 | D:3      | Found a runed translucent gate.
  2991 | D:3      | Found a runed translucent gate.
  3017 | D:3      | Reached ** piety under Trog
  3142 | D:3      | Found a runed translucent gate.
  3186 | D:3      | Noticed qwertyui's ghost (amateur MiFi)
  3943 | D:4      | Noticed a phantom
  3951 | D:4      | HP: 2/41 [phantom (3)]
  3951 | D:4      | Mangled by a phantom

Illustrated notes

Levels and vault maps discovered:
D:1:      minmay_arrival_floating_metal, layout_loops_corners,
          shapermc_ecumenical_altar_notcrosses, minivault_11
D:2:      layout_basic, basic_altar
D:3:      layout_basic, gammafunk_ghost_icy
D:4:      minmay_chambers_of_twos, layout_loops_cross,
          minmay_temple_entry_fiery, minmay_fractal_squares_5, uniq_ijyb

Skill      XL: |  1  2  3 |
---------------+----------+-----
Fighting       | 4 |  4.6
Axes           | 4 |  4.6
Armour         | 3 |  3.7
Dodging        | 3 |  3.4

Action                   |  1- 3 |  4- 6 || total
-------------------------+-------+-------++-------
Melee: Hand axe          |    86 |    44 ||   130
       Headbutt          |    11 |     4 ||    15
Invok: Berserk           |     1 |     1 ||     2
 Stab: Sleeping          |     1 |       ||     1
Armor: Animal skin       |    19 |     9 ||    28
Dodge: Dodged            |    50 |    27 ||    77
